 Dungeon Crawl Stone Soup version 0.18-a0-1180-g64ccc1e (webtiles) character file.

53 ololoev the Firebug (level 3, -1/28 HPs)
             Began as a Naga Fire Elementalist on Jan 27, 2016.
             Succumbed to a gnoll's poison
             ... on level 3 of the Dungeon.
             The game lasted 00:03:11 (348 turns).

ololoev the Firebug (Naga Fire Elementalist)         Turns: 348, Time: 00:03:11

Health: -1/28      AC:  2    Str: 17    XL:     3   Next: 87%
Magic:  0/6        EV: 10    Int: 16    God:
Gold:   18         SH:  0    Dex: 11    Spells: 1 memorised, 5 levels left

rFire  . . .     SeeInvis +     f - +0 trident
rCold  . . .     Gourm    .     a - +0 robe
rNeg   . . .     Faith    .     (no shield)
rPois  +         Spirit   .     (no helmet)
rElec  .         Dismiss  .     (no cloak)
rCorr  .         Reflect  .     (no gloves)
SustAt .         Harm     .     (no barding)
MR     .....                    (no amulet)
Stlth  ++........               (no ring)
                                k - +2 ring of strength

@: mighty, lethally poisoned (-1 -> -21), very slightly contaminated, very slow,
not resistant to hostile enchantments, unstealthy
A: see invisible, deformed body, poison resistance, slowness 2, slow metabolism
1, spit poison 2, AC +1
a: Spit Poison


Innate Abilities, Weirdness & Mutations

You cannot wear boots.
Your serpentine skin is tough (AC +1).
You have supernaturally acute eyesight.
Armour fits poorly on your strangely shaped body.
Your system is resistant to poisons.
You cover ground very slowly.
You have a slow metabolism.
You can spit poison.

Inventory:

Hand Weapons
 f - a +0 trident (weapon)
Armour
 a - a +0 robe (worn)
Jewellery
 k - a +2 ring of strength (left hand)
Scrolls
 g - a scroll of enchant weapon {unknown}
 i - a scroll of identify {unknown}
 j - a scroll of amnesia {unknown}
Potions
 e - a potion of cure mutation {unknown}
Books
 b - a book of Flames

   Spells                             Type                      Level
   a - Flame Tongue                   Conjuration/Fire             1
   b - Throw Flame                    Conjuration/Fire             2
   c - Conjure Flame                  Conjuration/Fire             3
   d - Inner Flame                    Hexes/Fire                   3
   e - Sticky Flame                   Conjuration/Fire             4
   f - Fireball                       Conjuration/Fire             5
Comestibles
 c - 2 bread rations
 h - 3 chunks of flesh


   Skills:
 - Level 1.5 Dodging
 - Level 3.0 Stealth
 + Level 2.3 Spellcasting
 * Level 2.6 Conjurations
 + Level 3.5 Fire Magic


You had 5 spell levels left.
You knew the following spells:

 Your Spells              Type           Power        Failure   Level  Hunger
a - Flame Tongue          Conj/Fire      ##...        8%          1    #......


You were on level 3 of the Dungeon.
You were not hungry.

You visited 1 branch of the dungeon, and saw 3 of its levels.

You collected 18 gold pieces.

... #.# ...
#.# ..# #.#
..# . #.# #..
.. #.# . ...#
#.# ..... #.#
#
......####.###
. .. #. #.#
#### # ..# ###

Notes
Turn   | Place    | Note
--------------------------------------------------------------
     0 | D:1      | ololoev the Naga Fire Elementalist began the quest for the Orb.
     0 | D:1      | Reached XP level 1. HP: 15/15 MP: 3/3
    87 | D:2      | Reached XP level 2. HP: 19/22 MP: 0/5
   210 | D:3      | Reached XP level 3. HP: 17/28 MP: 3/6
   347 | D:3      | HP: 1/28 [gnoll/halberd of venom (9)]
   348 | D:3      | Succumbed to a gnoll's poison

Dungeon Overview and Level Annotations

Branches:
Dungeon (3/15)

Altars:


Message History

The gnoll barely misses you.
You have got your breath back.
Casting: Flame Tongue
Confirm with . or Enter, or press ? or * to list all spells.
Aiming: Flame Tongue
Press: ? - help, Shift-Dir - straight line, f/p - gnoll
Aim: a gnoll, wielding a whip (almost dead)
The flame tongue hits the gnoll.
You kill the gnoll!
The gnoll hits you from afar with a halberd of venom!
Use which ability? (? or * to list)
Press: ? - help, Shift-Dir - straight line, f - gnoll
Aim: a gnoll, wielding a halberd of venom The splash of poison hits the gnoll.
The gnoll appears unharmed.
You feel slightly more hungry.
The gnoll hits you from afar with a halberd of venom.
Casting: Flame Tongue
Confirm with . or Enter, or press ? or * to list all spells.
Aiming: Flame Tongue
Press: ? - help, Shift-Dir - straight line, f/p - gnoll
Aim: a gnoll, wielding a halberd of venom You miscast Flame Tongue.
You are very lightly contaminated with residual magic.
Your skin glows momentarily.
The gnoll closely misses you.
A worm comes into view.
You see here a quokka corpse.
Casting: Flame Tongue
Confirm with . or Enter, or press ? or * to list all spells.
Aiming: Flame Tongue
Press: ? - help, Shift-Dir - straight line, f/p - gnoll
Aim: a gnoll, wielding a halberd of venom The flame tongue hits the gnoll.
The gnoll is severely wounded.
You have got your breath back.
The gnoll hits you from afar with a halberd of venom!
You are lethally poisoned!
Drink which item? (? for menu, Esc to quit)
It was a potion of might.
You feel very mighty all of a sudden.
You die...

You could see a worm and 2 gnolls.

Vanquished Creatures
  2 gnolls (D:3)
  An adder (D:2)
  An ooze (D:2)
  A worm (D:2)
  A bat (D:1)
  3 hobgoblins
  2 kobolds (D:2)
  A quokka (D:3)
  A giant newt (D:2)
  2 goblins (D:2)
  4 rats
19 creatures vanquished.

Action                   || total
-------------------------++-------
Melee: Trident           ||     9
 Cast: Flame Tongue      ||    17
 Abil: Spit Poison       ||    14
  Use: Potion            ||     1
 Stab: Sleeping          ||     2

Vault maps used:
D:1:      dpeg_arrival_rhombi
